 Dungeon Crawl Stone Soup version 0.28-a0-793-g31680bbd8b (webtiles) character file.

Game seed: 5063965615104682625

278 cheechan the Chopper (level 6, 0/56 HPs)
             Began as a Naga Fighter on Nov 4, 2021.
             Slain by Edmund (6 damage)
             ... on level 4 of the Dungeon on Nov 5, 2021.
             The game lasted 00:09:28 (2710 turns).

cheechan the Chopper (Naga Fighter)                 Turns: 2710, Time: 00:09:28

Health: 0/56       AC: 13    Str: 21    XL:     6   Next: 26%
Magic:  6/6        EV:  6    Int:  8    God:
Gold:   113        SH:  5    Dex: 15    Spells: 5/5 levels left

rFire   . . .      SeeInvis +   a - +0 war axe
rCold   . . .      Faith    .   c - +0 buckler
rNeg    . . .      Spirit   .   b - +0 scale mail
rPois   +          Reflect  .   g - +1 hat
rElec   .          Harm     .   (no cloak)
rCorr   .          Rampage  .   (no gloves)
Will    .....                   e - +2 barding of Abstinence {+Blink Dex+5}
Stlth   ..........              (no amulet)
HPRegen 0.18/turn               (no ring)
MPRegen 0.10/turn               (no ring)

@: very slow
A: AC +2, large, see invisible, deformed body, poison resistance, slowness 2,
spit poison 1, naga tail 1
a: Spit Poison, Evoke Blink


You were on level 4 of the Dungeon.
You visited 1 branch of the dungeon, and saw 4 of its levels.

You collected 113 gold pieces.

Inventory:

Hand Weapons
 a - a +0 war axe (weapon)
 d - a +0 dagger of draining
Armour
 b - a +0 scale mail (worn)
 c - a +0 buckler (worn)
 e - the +2 barding of Abstinence (worn) {+Blink Dex+5}
   (You acquired it on level 1 of the Dungeon)

   Dex:       It affects your dexterity (+5).
   +Blink:    It lets you blink.
 g - a +1 hat (worn)
Scrolls
 i - a scroll of fear
Potions
 f - a potion of resistance {unknown}
 h - a potion of magic {unknown}
 j - a potion of heal wounds {unknown}
 k - a potion of curing {unknown}


   Skills:
 + Level 3.5 Fighting
 + Level 4.9 Axes
 + Level 3.2 Armour
 + Level 1.0 Dodging
 + Level 0.1 Stealth
 + Level 2.9 Shields


You had 5 spell levels left.
You didn't know any spells.
Your spell library contained the following spells:

 Spells                   Type           Power      Damage    Failure   Level
 Animate Skeleton         Necr           0%         N/A       75%         1
 Magic Dart               Conj           0%         1d3       75%         1
 Pain                     Necr           0%         1d4       75%         1
 Call Imp                 Summ           0%         N/A       87%         2
 Mephitic Cloud           Conj/Pois/Air  0%         N/A       98%         3
 Vampiric Draining        Necr           0%         2d6       98%         3


Dungeon Overview and Level Annotations

Branches:
Dungeon (4/15)
 Temple: D:4-7

Altars:

Annotations:
D:3 2 transporters, a11behringer's ghost, amateur GrFi
D:4 Edmund


Innate Abilities, Weirdness & Mutations

Your serpentine skin is tough. (AC +2)
You have supernaturally acute eyesight. (SInv)
Armour fits poorly on your strangely shaped body.
Your system is resistant to poisons. (rPois)
You cover ground very slowly.
You can spit poison.
You have a snake-like lower body.


Message History

Edmund is lightly wounded.
Edmund asks, "Have you met my wondrous brother?"
Edmund hits you but does no damage.
Edmund hits you with a +1 flail of protection.
You slash Edmund!
Edmund is moderately wounded.
Edmund hits you but does no damage.
You hit Edmund.
Edmund is moderately wounded.
Edmund hits you with a +1 flail of protection.
You completely miss Edmund.
Edmund is moderately wounded.
Edmund hits you but does no damage.
Edmund hits you with a +1 flail of protection!
Abil: Spit Poison
Press: ? - help, Q - select action, (/) - cycle Shift-Dir - straight line, f/p - Edmund
Aim: Edmund, wielding a +1 flail of protection and wearing a +0 leather armour (moderately wounded)
The splash of poison hits Edmund.
Edmund is heavily wounded.
Edmund hits you but does no damage.
Okay, then.
Okay, then.
You hit Edmund but do no damage.
Edmund is heavily wounded.
Edmund closely misses you.
You hit Edmund.
Edmund is heavily wounded.
Edmund says, "A flail is better than a scythe, any day of the week!"
Edmund hits you with a +1 flail of protection.
You closely miss Edmund.
Edmund is heavily wounded.
You have got your breath back.
Edmund hits you with a +1 flail of protection!
* * * LOW HITPOINT WARNING * * *
You slash Edmund!
Edmund is almost dead.
Edmund hits you with a +1 flail of protection.
* * * LOW HITPOINT WARNING * * *
Edmund hits you with a +1 flail of protection.
You die...

#.......#
#.......#
#.......#
#.......#
#.......#
+.......#
#.@....<#
#.@.....#
#<......#
#.......#
#.......#
#.......#
#.......#
........#
.########
..


You could see Edmund.

Vanquished Creatures
  A water moccasin skeleton (D:4)
  A hound (D:3)
  An orc priest (D:3)
  An orc wizard (D:3)
  Robin (D:3)
  3 adders (D:3)
  4 gnolls (D:3)
  A white imp (D:3)
  A worm (D:3)
  3 dart slugs
  2 orcs (D:3)
  2 endoplasms (D:3)
  14 goblins
  5 hobgoblins
  4 kobolds
  A quokka (D:1)
  2 ball pythons
  5 bats
  5 frilled lizards
  5 rats
62 creatures vanquished.

Notes
Turn   | Place    | Note
-------+----------+-------------------------------------------
     0 | D:1      | cheechan the Naga Fighter began the quest for the Orb.
     0 | D:1      | Reached XP level 1. HP: 21/21 MP: 1/1
   146 | D:1      | Reached XP level 2. HP: 18/28 MP: 2/2
   227 | D:1      | Identified a scroll of acquirement
   227 | D:1      | Acquired the +2 barding of Abstinence {+Blink Dex+5}
   344 | D:1      | Found a faded altar of an unknown god.
   898 | D:2      | You fall into a shaft and drop 2 floors!
   905 | D:4      | Reached XP level 3. HP: 21/34 MP: 3/3
   913 | D:4      | Reached skill level 3 in Axes
   913 | D:4      | Reached XP level 4. HP: 12/42 MP: 4/4
  1209 | D:3      | Noticed an ogre
  1210 | D:3      | Noticed a11behringer's ghost (amateur GrFi)
  1211 | D:3      | Found a transporter.
  1223 | D:3      | Found a transporter.
  1242 | D:3      | Noticed Robin
  1257 | D:3      | Killed Robin
  1373 | D:3      | Reached XP level 5. HP: 31/49 MP: 5/5
  1374 | D:3      | Reached skill level 4 in Axes
  1589 | D:3      | Reached XP level 6. HP: 56/56 MP: 6/6
  1714 | D:3      | Reached skill level 1 in Dodging
  2693 | D:4      | Noticed Edmund
  2710 | D:4      | Slain by Edmund

Illustrated notes

Levels and vault maps discovered:
D:1:      dpeg_arrival_castle, layout_basic, ebering_ecumenical_altar_box
D:2:      layout_loops_ring, minmay_indecisive_spiral
D:3:      layout_loops_corners, gammafunk_ghost_smash,
          kennysheep_generic_room_3, uniq_robin
D:4:      layout_gridville, hex_tiny, grunt_decor_arrowhead, uniq_sigmund,
          uniq_ijyb, uniq_blork_the_orc, uniq_edmund

Skill      XL: |  1  2  3  4  5  6 |
---------------+-------------------+-----
Axes           | 3 4 |  4.9
Armour         | 3 |  3.2
Dodging        | 1 |  1.0
Fighting       | |  3.5
Stealth        | |  0.1
Shields        | |  2.9

Action                   |  1- 3 |  4- 6 || total
-------------------------+-------+-------++-------
Melee: War axe           |    52 |   128 ||   180
 Abil: Spit Poison       |     5 |     3 ||     8
  Use: Scroll            |     2 |     1 ||     3
       Potion            |       |     1 ||     1
Armor: Scale mail        |    41 |   114 ||   155
Dodge: Dodged            |    26 |    47 ||    73
Block: Buckler           |    16 |    29 ||    45

Table legend: (Time is in decaauts)
 A = Elapsed time spent in this place.
 B = Non-inter-level travel time spent in this place.
 C = Inter-level travel time spent in this place.
 D = Time resting spent in this place.
 E = Time spent auto-exploring this place.
 F = Levels seen in this place.
 G = Mean time per level.
                   A        B        C        D        E       F      G
               +--------+--------+--------+--------+--------+-----+--------+
         Total |   3672 |   3672 |      0 |    212 |      0 |   4 |  918.0 |
       Dungeon |   3672 |   3672 |      0 |    212 |      0 |   4 |  918.0 |
               +--------+--------+--------+--------+--------+-----+--------+

Top non-repeatable levels by time:
     D:3: 1840 daAuts
     D:1: 1013 daAuts
     D:2: 775 daAuts
     D:4: 43 daAuts
